 Dungeon Crawl Stone Soup version 0.30.0 (webtiles) character file.

Game seed: 1629738588731651843

79 Dani the Chopper (level 4, -7/35 HPs)
             Began as a Demonspawn Fighter on May 19, 2023.
             Mangled by an ogre
             ... wielding a +0 giant club
              (20 damage)
             ... on level 3 of the Dungeon.
             The game lasted 00:03:42 (1906 turns).

Dani the Chopper (Demonspawn Fighter)               Turns: 1906, Time: 00:03:43

Health: -7/35      AC:  6    Str: 16    XL:     4   Next: 16%
Magic:  4/4        EV:  8    Int: 14    God:
Gold:   152        SH:  4    Dex: 12    Spells: 3/3 levels left

rFire   . . .        a - +2 war axe
rCold   . . .        c - +0 buckler
rNeg    . . .        b - +0 scale mail
rPois   .            (no helmet)
rElec   .            (no cloak)
rCorr   .            (no gloves)
SInv    .            (no boots)
Will    .....        (no amulet) Stlth
                     (no ring)
HPRegen 0.25/turn    (no ring)
MPRegen 0.09/turn

%: no passive effects
@: no status effects
A: big brain 1, demonic magic 1, demonic touch 1
a: no special abilities


You were on level 3 of the Dungeon.
You visited 1 branch of the dungeon, and saw 3 of its levels.

You collected 152 gold pieces.

Inventory:

Hand Weapons
 a - a +2 war axe (weapon)
Armour
 b - a +0 scale mail (worn)
 c - a +0 buckler (worn)
Jewellery
 f - a ring of fire
   (You found it on level 1 of the Dungeon)
 i - a +6 ring of strength
   (You found it on level 1 of the Dungeon)
Scrolls
 h - 2 scrolls of amnesia
 R - 2 scrolls of identify {@r1}
 T - 3 scrolls of teleportation
Potions
 d - a potion of might
 e - a potion of brilliance {unknown}
 g - 6 potions of curing {unknown}
 j - 3 potions of heal wounds {unknown}
 k - a potion of mutation {unknown}


   Skills:
 - Level 3.0 Fighting
 + Level 4.1 Axes
 - Level 2.6 Armour
 - Level 2.6 Shields


You had 3 spell levels left.
You didn't know any spells.
Your spell library was empty.

Dungeon Overview and Level Annotations

Branches:
Dungeon (3/15)

Altars:


Innate Abilities, Weirdness & Mutations

You have an unusually large brain. (Int +2)
Spells you cast may paralyse adjacent enemies.
Your touch may inflict minor irresistible damage on your foes.


Message History

Key pressed, stopping explore.
A kobold comes into view.
It is wielding a +1 short sword of venom.
The kobold shouts!
A kobold is nearby!
A kobold is nearby!
A kobold is nearby!
The kobold barely misses you.
A kobold is nearby!
You closely miss the kobold. You block the kobold's attack.
A kobold is nearby!
You slash the kobold!
You kill the kobold!
Things that are here:
a +1 short sword of venom; a kobold corpse No target in view!
Key pressed, stopping explore.
No target in view!
Key pressed, stopping explore.
No target in view!
Key pressed, stopping explore.
No target in view!
A ball python comes into view.
The ball python hisses angrily.
A ball python is nearby!
A ball python is nearby!
The ball python closely misses you. The ball python grabs you.
The ball python constricts you.
You hit the ball python.
You kill the ball python!
Key pressed, stopping explore.
No target in view!
Found a stone staircase leading down.
No target in view!
n - a scroll labelled TICKERAJIH No target in view!
Found a stone staircase leading up.
Key pressed, stopping explore.
No target in view!
Key pressed, stopping explore.
No target in view!
There is a stone staircase leading down here.
Found an escape hatch in the ceiling.
You now have 152 gold pieces (gained 15).
g - 6 metallic dark potions (gained 1) Key pressed, stopping explore.
As you read the scroll labelled FULAFI ENEM, it crumbles to dust.
It is a scroll of enchant weapon.
Your +0 war axe glows red for a moment.
As you read the scroll of enchant weapon, it crumbles to dust.
Your +1 war axe glows red for a moment.
The air fills with toxic fumes!
As you read the scroll labelled VEACHIAFAI, it crumbles to dust.
It was a scroll of poison.
As you read the scroll labelled TICKERAJIH, it crumbles to dust.
Wisps of shadow whirl around you...
It was a scroll of summoning.
Your ball python is engulfed in poison gas.
Your ball python is poisoned.
You kill your ball python!
Your ball python's corpse dissolves into shadows!
Your kobold is poisoned.
Your hobgoblin is engulfed in poison gas.
Your hobgoblin is poisoned.
You kill your hobgoblin!
Your hobgoblin's corpse dissolves into shadows!
Your kobold is engulfed in poison gas.
Your kobold is poisoned.
Your kobold is engulfed in poison gas.
Your kobold looks even sicker.
You kill your kobold!
Your kobold's corpse dissolves into shadows!
Your kobold is engulfed in poison gas.
Your kobold looks even sicker.
You kill your kobold!
Your kobold's corpse dissolves into shadows!
Partly explored, can't reach some places.
Partly explored, can't reach some places.
Partly explored, can't reach some places.
Partly explored, can't reach some places.
An ogre comes into view. It is wielding a +0 giant club.
The ogre shouts!
An ogre is nearby!
An ogre is nearby!
An ogre is nearby!
A hobgoblin comes into view.
The hobgoblin shouts!
You slash the ogre!
The ogre is moderately wounded.
The ogre hits you with a +0 giant club!!
Ouch! That really hurt!
* * * LOW HITPOINT WARNING * * *
You are too injured to fight recklessly!
You are too injured to fight recklessly!
You are too injured to fight recklessly!
You are too injured to fight recklessly!
You closely miss the ogre.
The ogre is moderately wounded.
The ogre hits you with a +0 giant club!!
Ouch! That really hurt!
You die...

.#. #....... #.# ...
#.###.## #.# #.# #.# #.#
#g# #.# #.# #.# #.# #.#
#.###.## #.# #.# #.##...#
#.# #.# #.<..>.. #O#
#.########...# #@###....#
##.## . #........# #.# #.
#.######.# ####.# .. ...#
#.###.##.## .# ###.#
#.......... .# #.#
#..<....... ### .##
#.######..#...#.## ...#
##.#####.#...##..##.##..)
...#
##..#.......#........##.##


You could see an ogre and a hobgoblin.

Vanquished Creatures
  3 adders
  A worm (D:2)
  2 dart slugs
  4 endoplasms
  2 giant cockroaches
  5 goblins
  5 hobgoblins
  2 quokkas
  6 ball pythons
  4 bats
  6 kobolds
  5 rats
45 creatures vanquished.

Vanquished Creatures (others)
  A plant (D:1)
1 creature vanquished.

Grand Total: 46 creatures vanquished

Notes
Turn   | Place    | Note
-------+----------+-------------------------------------------
     0 | D:1      | Dani the Demonspawn Fighter began the quest for the Orb.
     0 | D:1      | Reached XP level 1. HP: 18/18 MP: 1/1
    72 | D:1      | Reached skill level 2 in Axes
   230 | D:1      | Gained mutation: You have an unusually large brain. (Int
                  | +2) [demonic ancestry]
   230 | D:1      | Reached XP level 2. HP: 22/24 MP: 2/2
   668 | D:2      | Reached skill level 3 in Axes
   765 | D:2      | HP: 6/24 [poisoned by a goblin]
   767 | D:2      | Gained mutation: Your touch may inflict minor irresistible
                  | damage on your foes. [demonic ancestry]
   767 | D:2      | Reached XP level 3. HP: 8/29 MP: 3/3
  1348 | D:2      | Found a faded altar of an unknown god.
  1718 | D:3      | Gained mutation: Spells you cast may paralyse adjacent
                  | enemies. [demonic ancestry]
  1718 | D:3      | Reached XP level 4. HP: 32/35 MP: 4/4
  1750 | D:3      | Reached skill level 4 in Axes
  1903 | D:3      | Noticed an ogre
  1906 | D:3      | Mangled by an ogre

Illustrated notes

Levels and vault maps discovered:
D:1:      dpeg_arrival_leaves_temple_mockup, layout_basic,
          chequers_serial_rivers_small_a, serial_bayou_ford_a
D:2:      layout_loops_ring, shapermc_ecumenical_altar_mp_highgroup,
          minmay_parallelograms, hangedman_decor_growths,
          guppyfry_early_lair_pool
D:3:      layout_loops_ring

Skill      XL: |  1  2  3  4 |
---------------+-------------+-----
Axes           | 2 3 4 |  4.1
Fighting       | |  3.0
Armour         | |  2.6
Shields        | |  2.6

Action                     |  1- 3 |  4- 6 || total
---------------------------+-------+-------++-------
  Melee: War axe           |   122 |     9 ||   131
    Use: Scroll            |     4 |     4 ||     8
 Armour: Scale mail        |    54 |     3 ||    57
  Dodge: Dodged            |    42 |     3 ||    45
  Block: Buckler           |    36 |     1 ||    37

Levels and vault maps discovered:
D:1:      dpeg_arrival_leaves_temple_mockup, layout_basic,
          chequers_serial_rivers_small_a, serial_bayou_ford_a
D:2:      layout_loops_ring, shapermc_ecumenical_altar_mp_highgroup,
          minmay_parallelograms, hangedman_decor_growths,
          guppyfry_early_lair_pool
D:3:      layout_loops_ring

Table legend: (Time is in decaauts)
 A = Elapsed time spent in this place.
 B = Non-inter-level travel time spent in this place.
 C = Inter-level travel time spent in this place.
 D = Time resting spent in this place.
 E = Time spent auto-exploring this place.
 F = Levels seen in this place.
 G = Mean time per level.
                   A        B        C        D        E       F      G
               +--------+--------+--------+--------+--------+-----+--------+
         Total |   1958 |   1891 |     67 |      0 |   1533 |   3 |  652.7 |
       Dungeon |   1958 |   1891 |     67 |      0 |   1533 |   3 |  652.7 |
               +--------+--------+--------+--------+--------+-----+--------+

Top non-repeatable levels by time:
     D:2: 975 daAuts
     D:1: 664 daAuts
     D:3: 319 daAuts

Table legend:
 A = Kills in this place as a percentage of kills in the entire game.
 B = Kills by you in this place as a percentage of kills by you in the entire game.
 C = Kills by friends in this place as a percentage of kills by friends in the entire game.
 D = Other kills in this place as a percentage of other kills in the entire game.
 E = Experience gained in this place as a percentage of experience gained in the entire game.
 F = Experience gained in this place divided by the number of levels of this place that you have seen.
                   A       B       C       D       E      F
               +-------+-------+-------+-------+-------+----------------------
         Total | 100.0 | 100.0 |   N/A |   N/A | 100.0 |  37.7
       Dungeon | 100.0 | 100.0 |   N/A |   N/A | 100.0 |  37.7
               +-------+-------+-------+-------+-------+----------------------
